 Dungeon Crawl Stone Soup version 0.29.1-1-gd02db6906a (webtiles) character file.

Game seed: 11829080548350969763

1710 LustLizard the Slasher (level 8, -7/96 HPs)
             Began as a Demonspawn Fighter on Oct 6, 2022.
             Was a Believer of Okawaru.
             Mangled by an orc warrior
             ... wielding a +0 hand axe
              (10 damage)
             ... in a bailey.
             The game lasted 00:15:00 (7274 turns).

LustLizard the Slasher (Demonspawn Fighter)         Turns: 7274, Time: 00:15:01

Health: -7/96      AC: 22    Str: 17    XL:     8   Next: 74%
Magic:  8/8        EV:  8    Int: 10    God:    Okawaru [**....]
Gold:   315        SH:  4    Dex: 14    Spells: 7/7 levels left

rFire   + . .      SeeInvis .   a - +0 long sword
rCold   + . .      Faith    .   c - +0 buckler
rNeg    . . .      Spirit   .   y - +0 chain mail
rPois   .          Reflect  .   (helmet restricted)
rElec   .          Harm     .   u - scarf {rC+ rF+}
rCorr   .          Rampage  .   t - +2 pair of gloves
Will    +....                   v - +0 pair of boots
Stlth   ..........              L - amulet of the acrobat
HPRegen 0.26/turn               D - ring of willpower
MPRegen 0.11/turn               (no ring)

@: berserking, sanguine armoured, very quick
A: antennae 1, ignite blood 1, powered by death 1, sanguine armour 2
a: Renounce Religion, Heroism


You were in a bailey.
You worshipped Okawaru.
Okawaru was pleased with you.
You visited 1 branch of the dungeon, and saw 7 of its levels.
You also visited: Sewer and Bailey.

You collected 315 gold pieces.

Inventory:

Hand Weapons
 a - a +0 long sword (weapon)
Missiles
 e - 63 stones
 q - 7 boomerangs (quivered)
 C - 2 poisoned darts
 H - 2 javelins
 M - a throwing net
Armour
 b - a +0 scale mail
 c - a +0 buckler (worn)
 s - a +0 helmet
 t - a +2 pair of gloves (worn)
 u - a scarf of resistance (worn)
 v - a +0 pair of boots (worn)
 y - a +0 chain mail (worn)
 O - a +2 cloak
Jewellery
 g - an amulet of magic regeneration
 D - a ring of willpower (left hand)
 L - an amulet of the acrobat (around neck)
Wands
 J - a wand of flame (24)
Scrolls
 d - a scroll of acquirement {unknown}
 f - 2 scrolls of vulnerability
 h - 3 scrolls of fog
 i - 2 scrolls of teleportation {unknown}
 k - a scroll of silence {unknown}
 l - 3 scrolls of blinking
 m - 4 scrolls of identify
 n - 2 scrolls of fear {unknown}
 o - a scroll of amnesia {unknown}
 B - a scroll of magic mapping
 F - a scroll of immolation
 G - 2 scrolls of summoning {unknown}
 N - a scroll of noise
Potions
 j - a potion of brilliance
 p - a potion of attraction
 r - 2 potions of curing
 w - a potion of cancellation
 x - 2 potions of ambrosia
 z - a potion of mutation
 E - a potion of flight
 I - a potion of lignification
 K - a potion of might


   Skills:
 + Level 6.0 Fighting
 * Level 6.7 Long Blades
 - Level 4.0 Throwing
 - Level 2.6 Armour
 + Level 4.4 Dodging
 - Level 2.6 Shields


You had 7 spell levels left.
You didn't know any spells.
Your spell library contained the following spells:

 Spells                   Type           Power      Damage    Failure   Level
 Beastly Appendage        Tmut           0%         N/A       100%        1
 Wereblood                Tmut           0%         N/A       100%        2
 Spider Form              Tmut/Pois      0%         N/A       100%        3
 Anguish                  Hex/Necr       0%         N/A       100%        4
 Enfeeble                 Hex            0%         N/A       100%        7


Dungeon Overview and Level Annotations

Branches:
Dungeon (7/15)             Temple (0/1) D:7           Sewer (visited)
 Bailey (1/1)

Altars:
Gozag
Makhleb
Nemelex Xobeh
Okawaru
Vehumet
Wu Jian

Annotations:
D:5 2 transporters, miserystealer's ghost, novice DrHu


Innate Abilities, Weirdness & Mutations

You have a pair of small antennae on your head.
Your demonic aura sometimes causes spilled blood to erupt in flames.
You regenerate a little health from kills.
When seriously injured, your blood forms thick armour. (AC +9)


Message History

The bullfrog hits you.
You hit the bullfrog.
The bullfrog is severely wounded.
The bullfrog closely misses you. The human hits you but does no damage.
The orc warrior closely misses you.
The human shouts!
You slash the bullfrog!
You kill the bullfrog!
Okawaru accepts your kill.
You hear a shout! x2
The orc warrior hits you with a +0 hand axe!
* * * LOW HITPOINT WARNING * * *
Your Fighting skill increases to level 6!
The human is engulfed in blazing flames.
A red film seems to cover your vision as you go berserk!
You feel yourself moving faster!
You feel mighty!
The orc warrior hits you but does no damage.
The human hits you but does no damage.
You closely miss the orc warrior. The human closely misses you.
The orc warrior hits you with a +0 hand axe.
* * * LOW HITPOINT WARNING * * *
You slash the orc warrior!
The orc warrior is moderately wounded.
The human hits you with a +0 vorpal hand axe.
* * * LOW HITPOINT WARNING * * *
x2 The human hits you with a +0 war axe!
* * * LOW HITPOINT WARNING * * *
The orc warrior barely misses you.
You slash the orc warrior!
The orc warrior is heavily wounded.
You block the orc warrior's attack. The human hits you but does no damage.
You closely miss the orc warrior.
The orc warrior is heavily wounded.
You slash the orc warrior!
The orc warrior is almost dead.
The human hits you with a +0 vorpal hand axe.
* * * LOW HITPOINT WARNING * * *
x2 A human comes into view. It is wielding a +2 vorpal hand axe.
The orc warrior hits you with a +0 hand axe!
You die...

#####
##...##
#.....#
#p∩.∩.#
#@op..#
##p†.##
#'#'#
~~# p.
~~~# .#
~~~~# #
#~~~##
##+#


You could see 4 humans and an orc warrior.

Vanquished Creatures
  A wyvern (D:7)
  A black bear (D:5)
  2 ice beasts (D:5)
  A centaur (D:6)
  5 bullfrogs
  3 necrophages
  3 howler monkeys (D:7)
  3 hounds
  3 orc priests
  3 orc wizards
  An iguana (D:4)
  Robin (D:3)
  8 adders
  3 gnolls (D:3)
  A white imp (D:6)
  3 worms
  3 dart slugs
  28 orcs
  10 endoplasms
  8 giant cockroaches
  22 goblins
  9 hobgoblins
  9 kobolds
  8 quokkas
  14 ball pythons
  8 bats
  11 frilled lizards
  5 rats
177 creatures vanquished.

Vanquished Creatures (others)
  6 plants (D:5)
  2 withered plants (D:7)
8 creatures vanquished.

Grand Total: 185 creatures vanquished

Notes
Turn   | Place    | Note
-------+----------+-------------------------------------------
     0 | D:1      | LustLizard the Demonspawn Fighter began the quest for the
                  | Orb.
     0 | D:1      | Reached XP level 1. HP: 18/18 MP: 1/1
   203 | D:1      | Gained mutation: You regenerate a little health from kills.
                  | [demonic ancestry]
   203 | D:1      | Reached XP level 2. HP: 12/24 MP: 2/2
  1080 | D:2      | Reached skill level 1 in Throwing
  1108 | D:2      | Gained mutation: Your demonic aura sometimes causes spilled
                  | blood to erupt in flames. [demonic ancestry]
  1108 | D:2      | Reached XP level 3. HP: 29/29 MP: 3/3
  1193 | D:2      | Reached skill level 1 in Dodging
  1620 | D:2      | Reached XP level 4. HP: 32/35 MP: 4/4
  2165 | D:3      | Gained mutation: When seriously injured, your blood forms
                  | armour. (AC +9) [demonic ancestry]
  2165 | D:3      | Reached XP level 5. HP: 38/41 MP: 5/5
  2292 | D:3      | Found a radiant altar of Vehumet.
  2335 | D:3      | Found an opulent altar of Gozag.
  2659 | D:3      | Noticed Robin
  2727 | D:3      | Killed Robin
  2913 | D:3      | Found a faded altar of an unknown god.
  3133 | D:3      | Found a burning altar of Makhleb.
  3497 | D:4      | Reached XP level 6. HP: 34/48 MP: 6/6
  3517 | D:4      | Found an iron altar of Okawaru.
  3528 | D:4      | Became a worshipper of Warmaster Okawaru
  3776 | D:4      | Found a sparkling altar of Nemelex Xobeh.
  3825 | D:4      | Found a glowing drain.
  3935 | Sewer    | Entered a sewer
  4296 | Sewer    | Gained mutation: When seriously injured, your blood forms
                  | thick armour. (AC +9) [demonic ancestry]
  4296 | Sewer    | Reached XP level 7. HP: 22/55 MP: 7/7
  4301 | Sewer    | Reached * piety under Okawaru
  5405 | D:5      | Entered Level 5 of the Dungeon
  5565 | D:5      | Reached skill level 5 in Long Blades
  5726 | D:5      | Identified the +8 trident "Nup Vett" {chaos, *Slow rCorr
                  | Stlth+}
  5726 | D:5      | Identified the +1 ring mail "Yket" {Str+4 SInv}
  5726 | D:5      | Identified the +5 kite shield "Yjoump" {rPois rC+ Will-
                  | Dex+4}
  5797 | D:5      | Reached skill level 5 in Fighting
  5797 | D:5      | Gained mutation: You have a pair of small antennae on your
                  | head. [demonic ancestry]
  5797 | D:5      | Reached XP level 8. HP: 54/62 MP: 8/8
  5867 | D:5      | Found a transporter.
  5868 | D:5      | Found a transporter.
  5984 | D:5      | Identified the ring "Boho" {rF+ rN+ rCorr MP+9}
  6001 | D:5      | Noticed miserystealer's ghost (novice DrHu)
  6052 | D:5      | Found an ornate altar of the Wu Jian Council.
  6483 | D:6      | Reached ** piety under Okawaru
  6949 | D:7      | Found a staircase to the Ecumenical Temple.
  7091 | D:7      | Found a flagged portal.
  7147 | Bailey   | Entered a bailey
  7274 | Bailey   | HP: 4/96 [human/+0 vorpal hand axe (3)]
  7274 | Bailey   | Mangled by an orc warrior

Illustrated notes

Levels and vault maps discovered:
D:1:      nicolae_arrival_memento_mori, layout_loops_ring
D:2:      layout_loops_ring, corexii_leaking_fountain, minmay_indecisive_spiral
D:3:      layout_rooms, grunt_temple_overflow_open, lightli_temple_of_fire,
          shapermc_ecumenical_altar_starsandcircs, uniq_robin
D:4:      layout_layer_cave, kennysheep_okawaru_gauntlet, old_standard_altar,
          nemelex_diamond_rough_becter, cheibrodos_sewer_entry_sluice
D:5:      layout_loops_ring, pdpol_wu_jian_five_deadly_venoms,
          gammafunk_ghost_gnarly_gnolls
D:6:      layout_basic
D:7:      layout_loops_ring, kiku_gazebo_garden_becter,
          minmay_temple_entry_wispy, enter_bailey_2, serial_aquarium,
          aquarium_bridge_square [aquarium_subvault_wall,
          aquarium_subvault_bridge, aquarium_subvault_wall,
          aquarium_subvault_wall], aquarium_window_corridor_3,
          aquarium_window_1, aquarium_window_2, aquarium_window_1,
          aquarium_view_2d, aquarium_view_2b, aquarium_pool_split, st_stairs_3
Bailey:   bailey_axe_froggy_fort_hellmonk, bailey

Skill      XL: |  1  2  3  4  5  6  7  8 |
---------------+-------------------------+-----
Long Blades    | 2 3 4 5 6 |  6.7
Throwing       | 1 2 3 4 |  4.0
Dodging        | 1 2 3 4 |  4.4
Fighting       | 4 5 6 |  6.0
Armour         | |  2.6
Shields        | |  2.6

Action                   |  1- 3 |  4- 6 |  7- 9 || total
-------------------------+-------+-------+-------++-------
Melee: Long sword        |   129 |   362 |   206 ||   697
Throw: Boomerang         |       |     2 |     3 ||     5
       Dart              |       |       |     4 ||     4
Invok: Heroism           |       |       |     1 ||     1
  Use: Scroll            |       |     4 |     9 ||    13
       Potion            |       |     1 |     1 ||     2
Armor: Scale mail        |    48 |   185 |     8 ||   241
       Chain mail        |       |       |   146 ||   146
Dodge: Dodged            |    50 |   185 |    82 ||   317
Block: Buckler           |    34 |    73 |    40 ||   147
